 Dungeon Crawl Stone Soup version 0.17-a0-1446-gc28613e (webtiles) character file.

1052 nuthulu the Grappler (level 8, -2/74 HPs)
             Began as a Ghoul Monk on June 28, 2015.
             Killed by divine providence
             ... invoked by an orc priest
              (14 damage)
             ... on level 5 of the Dungeon.
             The game lasted 00:11:15 (6299 turns).

nuthulu the Grappler (Ghoul Monk)                   Turns: 6299, Time: 00:11:15

Health: -2/74      AC:  4    Str: 17    XL:     8   Next: 26%
Magic:  7/7        EV: 11    Int:  5    God:
Gold:   177        SH:  5    Dex: 11    Spells: 0 memorised, 7 levels left

rFire  . . .     SeeInvis .       - Unarmed
rCold  + . .     Clarity  .     a - +0 robe
rNeg   + + +     SustAt   .     v - +2 buckler
rPois  ∞         Gourm    .     (no helmet)
rElec  .         Spirit   .     j - +0 cloak
rCorr  .         Warding  .     (no gloves)
rMut   .         Stasis   .     o - +0 pair of boots
MR     .....                    (no amulet)
Stlth  ++........               (no ring)
                                (no ring)

@: rotting, not resistant to hostile enchantments, unstealthy
A: rotting body, claws 1, carnivore 3, cold resistance 1, negative energy
resistance 3, slow healing 1, torment resistance, unbreathing
a: no special abilities


You were on level 5 of the Dungeon.
You were not hungry.

You visited 1 branch of the dungeon, and saw 5 of its levels.

You collected 177 gold pieces.

Inventory:

Missiles
 n - a throwing net (quivered)
Armour
 a - a +0 robe (worn)
 j - a +0 cloak (worn)
 o - a +0 pair of boots (worn)
 v - a +2 buckler (worn)
Magical devices
 d - a wand of teleportation (1)
 p - a wand of random effects (37)
 s - a wand of slowing (14)
Scrolls
 c - a scroll of enchant weapon {unknown}
 g - 3 scrolls of enchant armour {unknown}
 h - a scroll of teleportation {unknown}
 k - a scroll of magic mapping {unknown}
 l - 2 scrolls of identify {unknown}
 m - 3 scrolls of remove curse
Potions
 e - 3 potions of invisibility {unknown}
 f - 3 potions of curing
 i - a potion of ambrosia {unknown}
 r - a potion of might {unknown}
 u - a potion of cancellation {unknown}
Comestibles
 b - 2 meat rations
 q - a beef jerky
 t - 3 chunks of flesh


   Skills:
 + Level 7.9 Fighting
 - Level 2.6 Dodging
 - Level 2.1 Stealth
 + Level 8.6 Unarmed Combat


You had 7 spell levels left.
You didn't know any spells.

Dungeon Overview and Level Annotations

Branches:
Dungeon (5/15)
 Temple: D:4-7

Altars:
Ashenzari
Elyvilon
Fedhas
Gozag
Sif Muna

Annotations:
D:3 nuthulu's ghost, average NaTm
D:4 Edmund


Innate Abilities, Weirdness & Mutations

Your body is rotting away.
You thrive on raw meat.
You are immune to poison.
You have sharp fingernails.
You are carnivorous and can eat meat at any time.
Your flesh is cold resistant.
You are immune to negative energy.
You heal slowly when monsters are visible.
You are immune to unholy pain and torment.
You can survive without breathing.


Message History

The orc priest invokes the aid of Beogh against you.
Something smites you!
You see here 4 arrows.
You scratch the orc priest but do no damage.
The centaur shoots an arrow.
The arrow hits you!
* * * LOW HITPOINT WARNING * * *
The arrow burns you.
* * * LOW HITPOINT WARNING * * *
The orc priest invokes the aid of Beogh against you.
You are unaffected.
The centaur shoots an arrow.
The arrow barely misses you.
Eat one of 4 chunks of flesh? (ye/n/q/i?)
You feel more resilient.
This raw flesh tastes great!
The orc priest hits you with a dagger.
* * * LOW HITPOINT WARNING * * *
You continue eating.
The centaur unwields an uncursed shortbow of flaming.
It stops flaming.
The centaur closely misses you.
The orc priest mumbles some strange prayers to Beogh against you.
Something smites you!
You die...

#...... #...... ####
#...... # ....# #......
##. .#.# #...... ..##...#
####### #..##.# ..### #
#oc##.####### ....
#..##@........# ..# #
#####.##o#.......###..# .
.oo.o...(..(.(...##..####
#############..##........
#..#..#.##### #.......#
#.###...# #.. #...# ##.
#...#####


You could see a centaur (bleeding), an orc priest and an orc.

Vanquished Creatures
  The ghost of pulse the Chopper, an average HONe of Okawaru (D:4)
  Menkaure (D:4)
  A sky beast (D:5)
  2 ogres
  A centaur (D:5)
  Blork the orc (D:4)
  2 orc priests (D:4)
  A crimson imp (D:5)
  3 orc wizards (D:4)
  A worker ant (D:4)
  3 adders
  An ooze (D:5)
  2 worms
  3 giant geckos
  12 orcs
  2 ball pythons
  9 bats
  6 giant cockroaches
  15 hobgoblins
  7 jackals (D:1)
  10 kobolds
  5 giant newts
  9 goblins
  4 quokkas
  7 rats
109 creatures vanquished.

Notes
Turn   | Place    | Note
--------------------------------------------------------------
     0 | D:1      | nuthulu the Ghoul Monk began the quest for the Orb.
     0 | D:1      | Reached XP level 1. HP: 19/19 MP: 0/0
   402 | D:1      | Reached XP level 2. HP: 20/25 MP: 1/1
  1363 | D:1      | Reached XP level 3. HP: 33/33 MP: 2/2
  1581 | D:1      | Reached skill level 5 in Unarmed Combat
  2562 | D:2      | Reached XP level 4. HP: 41/41 MP: 3/3
  3006 | D:3      | Found a deep blue altar of Sif Muna.
  3056 | D:3      | Found a shattered altar of Ashenzari.
  3796 | D:3      | Reached XP level 5. HP: 45/47 MP: 4/4
  3924 | D:3      | Noticed nuthulu's ghost (average NaTm)
  4123 | D:4      | Noticed an ogre
  4143 | D:4      | Killed an ogre
  4143 | D:4      | Reached skill level 5 in Fighting
  4143 | D:4      | Reached skill level 6 in Unarmed Combat
  4329 | D:4      | Reached XP level 6. HP: 49/56 MP: 5/5
  4526 | D:4      | Noticed Blork the orc
  4528 | D:4      | Noticed Edmund
  4536 | D:4      | Killed Blork the orc
  4722 | D:4      | Noticed pulse's ghost (average HONe)
  4743 | D:4      | Killed pulse's ghost
  4743 | D:4      | Reached skill level 7 in Unarmed Combat
  4743 | D:4      | Reached XP level 7. HP: 25/63 MP: 6/6
  4984 | D:4      | Noticed Menkaure
  5311 | D:4      | Killed Menkaure
  5671 | D:5      | Entered Level 5 of the Dungeon
  5710 | D:5      | Found a white marble altar of Elyvilon.
  5710 | D:5      | Found an opulent altar of Gozag.
  5710 | D:5      | Found a blossoming altar of Fedhas.
  5733 | D:5      | Reached skill level 8 in Unarmed Combat
  5733 | D:5      | Reached XP level 8. HP: 59/73 MP: 7/7
  6299 | D:5      | Killed from afar by an orc priest

Vault maps used:
D:1:      lightli_molten_gateway, serial_park_tiny_pond
D:3:      lemuel_crystal_altar, ashenzari_altar_1
D:4:      uniq_menkaure, uniq_edmund, uniq_blork_the_orc
D:5:      gammafunk_temple_overflow_forgotten, first_bread, st_stairs_7,
          hangedman_decor_diamond_cutter

Action                   |  1- 3 |  4- 6 |  7- 9 || total
-------------------------+-------+-------+-------++-------
Melee: Unarmed           |   118 |   185 |    96 ||   399
Evoke: Wand              |       |     1 |     2 ||     3
  Use: Scroll            |       |     4 |       ||     4
       Potion            |       |     1 |     2 ||     3
 Stab: Sleeping          |     2 |     8 |       ||    10
       Distracted        |     2 |       |       ||     2
  Eat: Chunk             |    22 |    27 |    17 ||    66
